AoeStats
← driboperez

Four Lakes

510146714Analyzed
1v1 RM · 1d ago on Sep 29, 2026· 34m 44s· 2 players
Game mode
Random Map
Map size
Tiny (2 player)
Population
200
Speed
Normal
Resources
Standard
Victory
Conquest
Starting age
Dark Age
Ending age
Imperial Age
RankedLock teamsTeams togetherTeam positionsShared explorationLock speedFull tech treeHidden civsTurbo modeCheats
Victory
Defeat
🇧🇷 Burgundians · Brazil
1045
+15
🇪🇸 Burgundians · Spain
1018
-15
driboperez
7:19 Double-Bit Axe
9:55 Loom
11:41 Feudal Age
10:36 Fishing Lines
14:10 Wheelbarrow
14:27 Bow Saw
17:37 Forging
17:52 Gold Mining
18:19 Town Watch
21:02 Castle Age
19:19 Scale Barding Armor
19:22 Horse Collar
21:06 Cavalier
22:10 Chain Barding Armor
24:02 Gold Shaft Mining
24:00 Husbandry
24:08 Stone Mining
26:14 Stone Shaft Mining
26:44 Iron Casting
27:41 Gillnets
29:46 Scale Mail Armor
29:51 Squires
32:06 Arson
32:42 Hand Cart
34:49 Fletching
rX | Diegdornelas
6:46 Double-Bit Axe
12:58 Loom
14:44 Feudal Age
13:51 Horse Collar
16:47 Wheelbarrow
19:33 Castle Age
17:57 Bow Saw
18:12 Forging
18:08 Scale Barding Armor
21:37 Gold Mining
24:07 Iron Casting
24:57 Gold Shaft Mining
25:52 Cavalier
26:35 Husbandry
29:09 Chain Barding Armor
Connection lost

Rejoining the realm…

Still unreachable

The connection could not be restored.

Session expired

The server has moved on; the page needs a fresh start.